 Dungeon Crawl Stone Soup version 0.31.0-11-ge490571c62 (webtiles) character file.

Game seed: 11080426389422726556

425 qw the Skirmisher (level 6, -8/35 HPs)
             Began as a Deep Elf Hunter on Feb 3, 2024.
             Mangled by Menkaure (17 damage)
             ... on level 4 of the Dungeon.
             The game lasted 00:00:57 (2595 turns).

qw the Skirmisher (Deep Elf Hunter)                 Turns: 2595, Time: 00:00:57

Health: -8/35      AC: 14    Str: 10    XL:     6   Next: 64%
Magic:  8/8        EV: 11    Int: 14    God:
Gold:   311        SH:  0    Dex: 18    Spells: 5/5 levels left

rFire   . . .        a - +1 shortbow
rCold   + . .        (shield currently unavailable)
rNeg    . . .        e - +0 ring mail
rPois   .            (no helmet)
rElec   .            (no cloak)
rCorr   .            b - +2 pair of gloves
SInv    .            c - +1 pair of boots
Will    .....        (no amulet)
Stlth   +            d - +4 ring of protection
HPRegen 0.25/turn    g - ring of protection from cold
MPRegen 0.11/turn

%: no passive effects
@: no status effects
A: no striking features
a: no special abilities


You were on level 4 of the Dungeon.
You visited 1 branch of the dungeon, and saw 4 of its levels.

You collected 311 gold pieces.


   Skills:
 - Level 2.1 Fighting
 - Level 10.0 Ranged Weapons
 + Level 0.7 Armour
 - Level 2.9 Dodging
 - Level 1.2 Stealth


You had 5 spell levels left.
You didn't know any spells.
Your spell library was empty.

Inventory:

Hand Weapons
 a - a +1 shortbow (weapon)
Armour
 b - a +2 pair of gloves (worn)
 c - a +1 pair of boots (worn)
 e - a +0 ring mail (worn)
Jewellery
 d - a +4 ring of protection (left hand)
 f - a +6 ring of strength
 g - a ring of protection from cold (right hand)
Potions
 j - a potion of curing
 l - a potion of might {unknown}

Dungeon Overview and Level Annotations

Branches:
Dungeon (4/15)
 Temple: D:4-7

Altars:
Gozag
Trog

Annotations:
D:4 Menkaure


Message History

The sleepcap is almost destroyed.
The sleepcap releases spores at you but does no damage.
You shoot an arrow. The arrow hits the sleepcap.
You destroy the sleepcap!
There is a stone staircase leading up here.
You climb upwards.
There is a stone staircase leading down, spattered with blood here.
Enter note:
Enter note:
Enter note: Done exploring.
Enter note:
Enter note:
Enter note:
There is a stone staircase leading down here.
You climb downwards.
There is a stone staircase leading up here.
You see here a +0 dagger.
Menkaure, Prince of Dust comes into view.
Menkaure shouts!
You shoot an arrow.
The arrow hits Menkaure but does no damage.
You shoot an arrow. The arrow closely misses Menkaure.
Menkaure mumbles some strange words.
Menkaure seems to speed up.
You shoot an arrow. The arrow barely misses Menkaure.
You shoot an arrow. The arrow closely misses Menkaure.
You shoot an arrow. The arrow hits Menkaure!
Menkaure is moderately damaged.
You shoot an arrow. The arrow hits Menkaure!
Menkaure is severely damaged.
Menkaure calls on the powers of darkness!
Your body is wracked with pain!
You shoot an arrow. The arrow hits Menkaure.
Menkaure is severely damaged.
Menkaure hits you!
You shoot an arrow. The arrow hits Menkaure.
Menkaure is almost destroyed.
Menkaure hits you!
You die...

#############......#
...........##......#####
...........##......)....
...........##...........
...........##...........
........................
...................###..
......M@...........+....
#######...)........#....
#....<......%#####
#.................
#.......%.........
#.................
#.................
#.................
#.................


You could see Menkaure (fast).

Vanquished Creatures
  2 phantoms
  A jelly (D:3)
  A hound (D:4)
  A sleepcap (D:4)
  An iguana (D:4)
  An orc wizard (D:3)
  4 gnolls
  3 adders
  3 ribbon worms
  2 dart slugs
  2 orcs (D:3)
  5 ball pythons
  5 endoplasms
  5 giant cockroaches
  11 goblins
  5 hobgoblins (D:2)
  3 quokkas
  4 bats
  6 frilled lizards
  5 kobolds
  5 rats
75 creatures vanquished.

Notes
Turn   | Place    | Note
-------+----------+-------------------------------------------
     0 | D:1      | qw the Deep Elf Hunter began the quest for the Orb.
     0 | D:1      | Reached XP level 1. HP: 12/12 MP: 3/3
     0 | D:1      | 0 ||| qw: Version: 0.3-a-155-g5e7d8dd
     0 | D:1      | 0 ||| qw: Game counter: 3349
     0 | D:1      | 0 ||| qw: Melee chars always use a shield: true
     0 | D:1      | 0 ||| qw: God list: Okawaru
     0 | D:1      | 0 ||| qw: Allow faded altars: false
     0 | D:1      | 0 ||| qw: Do Orc after clearing Dungeon:15 true
     0 | D:1      | 0 ||| qw: Do second Lair branch before Depths: true
     0 | D:1      | 0 ||| qw: Lair rune preference: random
     0 | D:1      | 0 ||| qw: Goals: Normal
     0 | D:1      | 0 ||| PLANNING D:1-11
   140 | D:1      | Reached XP level 2. HP: 16/16 MP: 4/4
   186 | D:1      | Reached skill level 6 in Ranged Weapons
   437 | D:1      | 437 ||| UPGRADING to +4 ring of protection.
   438 | D:1      | 438 ||| UPGRADING to ring of protection from cold.
   439 | D:1      | 439 ||| READING scroll labelled YCSUMUCREFU.
   540 | D:1      | 540 ||| READING scroll labelled BOTAN WYONTEOS.
   540 | D:1      | 540 ||| ENCHANTING +0 shortbow.
   541 | D:1      | 541 ||| READING 2 scrolls labelled DOCICZ TAAFU.
   542 | D:1      | 542 ||| DROPPING scroll of butterflies.
   699 | D:2      | Reached XP level 3. HP: 20/20 MP: 5/5
  1017 | D:2      | Reached skill level 7 in Ranged Weapons
  1208 | D:2      | 1208 ||| UPGRADING to +2 pair of gloves.
  1213 | D:2      | 1213 ||| READING 2 scrolls of identify.
  1213 | D:2      | 1213 ||| IDENTIFYING sapphire potion
  1214 | D:2      | 1214 ||| READING scroll of identify.
  1214 | D:2      | 1214 ||| IDENTIFYING smoky white potion
  1215 | D:2      | 1215 ||| READING scroll labelled MEBLUM LEEVI.
  1216 | D:2      | 1216 ||| READING scroll labelled MORGHO OROM.
  1219 | D:2      | 1219 ||| READING scroll labelled OCULLE KEAZ.
  1220 | D:2      | 1220 ||| READING 2 scrolls labelled WAXIXK AMUN.
  1321 | D:2      | 1321 ||| DROPPING potion of degeneration.
  1322 | D:2      | 1322 ||| DROPPING scroll of vulnerability.
  1403 | D:2      | 1403 ||| STAIRDANCE
  1405 | D:1      | 1405 ||| RETREEEEATING.
  1406 | D:1      | 1406 ||| RETREEEEATING.
  1407 | D:1      | 1407 ||| RETREEEEATING.
  1408 | D:1      | 1408 ||| RETREEEEATING.
  1409 | D:1      | 1409 ||| RETREEEEATING.
  1410 | D:1      | 1410 ||| RETREEEEATING.
  1411 | D:1      | 1411 ||| RETREEEEATING.
  1412 | D:1      | 1412 ||| RETREEEEATING.
  1424 | D:1      | Reached XP level 4. HP: 16/25 MP: 6/6
  1759 | D:3      | Reached skill level 8 in Ranged Weapons
  1787 | D:3      | Found a bloodstained altar of Trog.
  1811 | D:3      | Reached XP level 5. HP: 29/29 MP: 7/7
  1857 | D:3      | Found a faded altar of an unknown god.
  1870 | D:3      | Found an opulent altar of Gozag.
  2321 | D:3      | 2321 ||| UPGRADING to +0 ring mail.
  2331 | D:3      | 2331 ||| DROPPING +0 leather armour.
  2332 | D:3      | 2332 ||| DROPPING +6 ring of intelligence.
  2375 | D:4      | Noticed a phantom
  2380 | D:4      | 2380 ||| STAIRDANCE
  2387 | D:3      | Killed a phantom
  2388 | D:3      | Reached skill level 9 in Ranged Weapons
  2399 | D:4      | Reached XP level 6. HP: 35/35 MP: 8/8
  2495 | D:4      | Reached skill level 10 in Ranged Weapons
  2538 | D:4      | 2538 ||| UPGRADING to +0 pair of boots.
  2543 | D:4      | 2543 ||| READING scroll labelled CYGIGEISTRO.
  2543 | D:4      | 2543 ||| ENCHANTING +0 pair of boots.
  2587 | D:4      | Noticed Menkaure
  2595 | D:4      | Mangled by Menkaure

Levels and vault maps discovered:
D:1:      dpeg_arrival_rooms_c, layout_rooms, serial_glass, glass_columns_a,
          glass_columns_a, minmay_unequal
D:2:      minmay_wonky_spiral, layout_basic
D:3:      layout_loops_cross, marbit_many_paths,
          nicolae_overflow_ecumenical_swirl, st_stairs_7, dk_noncrumbling_3
D:4:      layout_basic, mainiacjoe_overflow_concentric_impassable,
          minmay_temple_entry_glass, uniq_edmund, uniq_menkaure

Skill      XL: |  1  2  3  4  5  6 |
---------------+-------------------+-----
Ranged Weapons | 6 7 8 9 10 | 10.0
Fighting       | 2 |  2.1
Armour         | |  0.7
Dodging        | |  2.9
Stealth        | |  1.2

Action                     |  1- 3 |  4- 6 || total
---------------------------+-------+-------++-------
   Fire: Shortbow          |    89 |   117 ||   206
    Use: Scroll            |     9 |     1 ||    10
 Armour: Leather armour    |    16 |     9 ||    25
         Ring mail         |       |    19 ||    19
  Dodge: Dodged            |    19 |    28 ||    47

Table legend:
 A = Non-vault XP
 B = Vault XP
 C = Vault XP percentage of total XP
 D = Non-vault monster count
 E = Vault monster count
 F = Vault count percentage of total count
                 A         B        C        D         E       F
            +---------+---------+-------+---------+---------+-------
      Total |     582 |      26 |   4.3 |      68 |       7 |   9.3
            +---------+---------+-------+---------+---------+-------
        D:1 |      67 |       0 |   0.0 |      19 |       0 |   0.0
        D:2 |      58 |      10 |  14.7 |      23 |       4 |  14.8
        D:3 |     214 |      16 |   7.0 |      17 |       3 |  15.0
        D:4 |     243 |       0 |   0.0 |       9 |       0 |   0.0
            +---------+---------+-------+---------+---------+-------
